 Dungeon Crawl Stone Soup version 0.23-a0-393-g6e9e0f2 (webtiles) character file.

57729 Ghost621 the Warrior (level 14, -10/306 HPs)
             Began as a Demonspawn Chaos Knight on Oct 31, 2018.
             Was a Plaything of Xom.
             Mangled by Saint Roka
             ... wielding a +2 battleaxe of freezing
              (12 damage)
             ... on level 1 of the Orcish Mines.
             The game lasted 00:52:01 (18549 turns).

Ghost621 the Warrior (Demonspawn Chaos Knight)     Turns: 18549, Time: 00:52:03

Health: -10/306    AC: 29    Str: 29    XL:     14   Next: 46%
Magic:  2/19       EV:  2    Int: 16    God:    Xom [...*..]
Gold:   2065       SH: 10    Dex: 14    Spells: 13/13 levels left

rFire    . . .     SeeInvis +   A - +8 rapier "Bitunguo" {freeze, Str+4}
rCold    . . .     Gourm    .   U - +0 buckler
rNeg     + + +     Faith    .   (armour currently unavailable)
rPois    +         Spirit   .   (helmet unavailable)
rElec    .         Reflect  +   (cloak currently unavailable)
rCorr    .         Harm     .   (gloves currently unavailable)
MR       +++..     Clarity  +   (boots currently unavailable) Stlth ..........NoTele +
                                N - +4 amulet of reflection
HPRegen  0.61/turn              l - +2 ring of protection
MPRegen  0.16/turn              v - +4 ring of evasion

@: berserking, tree-form, cleaving, studying Slings, drained, very quick
A: see invisible, clarity, clever 1, magic resistance 2, mutation resistance 1,
nightstalker 3, sense surroundings 1, robust 1, strong 2, wild magic 2, flame
cloud immunity, MP-powered wands
a: Renounce Religion


You were on level 1 of the Orcish Mines.
You worshipped Xom.
You were a favourite toy of Xom.
You were not hungry.
You were a tree.
You visited 3 branches of the dungeon, and saw 19 of its levels.
You also visited: Ice Cave.

You collected 2133 gold pieces.
You spent 68 gold pieces at shops.

Inventory:

Hand Weapons
 A - the +8 rapier "Bitunguo" (weapon) {freeze, Str+4}
   (You found it on level 4 of the Dungeon)

   It has been specially enchanted to freeze those struck by it, causing extra
   injury to most foes and up to half again as much damage against particularly
   susceptible opponents.
   It can also slow down cold-blooded creatures.
   It affects your strength (+4).
Missiles
 i - 768 stones (quivered)
Armour
 a - +0 ice dragon scales
 p - a scarf of repulsion (melded)
 y - the +4 moon troll leather armour (melded) {Spirit, Regen++ MP+5}
   (You found it on level 4 of the Dungeon)

   It affects your magic capacity (+5).
   It increases your rate of regeneration.
 F - a +2 pair of gloves of strength (melded)
 U - a +0 buckler (worn)
 W - a +2 pair of boots (melded)
Jewellery
 l - a +2 ring of protection (left branch)
 v - a +4 ring of evasion (right branch)
 N - a +4 amulet of reflection (around neck)
 Y - an uncursed ring of positive energy
Wands
 q - a wand of paralysis (28)
 t - a wand of clouds (3)
 D - a wand of random effects (52)
 G - a wand of acid (12)
 J - a wand of disintegration (18)
 M - a wand of iceblast (5)
 P - a wand of enslavement (6)
 X - a wand of flame (20)
Scrolls
 d - 3 scrolls of magic mapping {unknown}
 e - 2 scrolls of immolation {unknown}
 f - 5 scrolls of blinking {unknown}
 j - 13 scrolls of remove curse
 k - a scroll of fog {unknown}
 m - 2 scrolls of random uselessness {unknown}
 n - 4 scrolls of amnesia {unknown}
 o - 2 scrolls of enchant armour {unknown}
 s - 2 scrolls of noise {unknown}
 u - 7 scrolls of teleportation {unknown}
 w - 4 scrolls of enchant weapon {unknown}
 x - 5 scrolls of fear {unknown}
 H - 6 scrolls of identify
 V - a scroll of torment {unknown}
 Z - a scroll of summoning {unknown}
Potions
 h - a potion of flight {unknown}
 r - 2 potions of agility {unknown}
 z - 4 potions of might {unknown}
 B - 5 potions of magic
 E - a potion of lignification
 K - 2 potions of invisibility {unknown}
 L - 4 potions of curing {unknown}
 Q - a potion of ambrosia
 R - 3 potions of brilliance {unknown}
 S - 3 potions of haste {unknown}
Books
 b - a manual of Slings
Miscellaneous
 I - a lightning rod (4/4)
Comestibles
 c - 32 rations


   Skills:
 * Level 15.7 Fighting
 + Level 10.3(10.2) Short Blades
   Level 5.6(5.5) Polearms
 + Level 10.9 Armour
 - Level 0.8 Dodging
 + Level 7.2(7.1) Shields
 + Level 7.4(7.3) Evocations


You had 13 spell levels left.
You didn't know any spells.
Your spell library contained the following spells:

 Spells                   Type           Power        Failure   Level  Hunger
 Infusion                 Chrm           #...         43%         1    ##.....
 Summon Butterflies       Summ           #.......     43%         1    ##.....
 Poisonous Vapours        Pois/Air       #.....       54%         2    ###....
 Shroud of Golubria       Chrm/Tloc      #.........   54%         2    ###....
 Song of Slaying          Chrm           #.......     54%         2    ###....
 Call Canine Familiar     Summ           #.......     75%         3    ####...
 Conjure Flame            Conj/Fire      #.......     75%         3    ####...
 Mephitic Cloud           Conj/Pois/Air  #.......     75%         3    ####...
 Regeneration             Chrm/Necr      #.........   75%         3    ####...
 Spectral Weapon          Hex/Chrm       #.......     75%         3    ####...
 Summon Ice Beast         Ice/Summ       #.......     98%         4    #####..
 Throw Icicle             Conj/Ice       #.......     98%         4    #####..
 Summon Mana Viper        Hex/Summ       #.......     100%        5    ######.
 Bolt of Cold             Conj/Ice       #.........   100%        6    #######
 Freezing Cloud           Conj/Ice/Air   #.........   100%        6    #######
 Ozocubu's Refrigeration  Ice            #.........   100%        6    #######
 Simulacrum               Ice/Necr       #.........   100%        6    #######
 Ring of Flames           Chrm/Fire      #.........   100%        7    #######
 Summon Hydra             Summ           #.........   100%        7    #######


Dungeon Overview and Level Annotations

Branches:
Dungeon (11/15)            Temple (0/1) D:5            Lair (6/6) D:11
  Swamp (0/4) Lair:2        Snake (0/4) Lair:4        Slime (0/5) Lair:5
    Orc (2/2) D:9
    Elf: Orc:2

Altars:
Elyvilon
Hepliaklqana
Kikubaaqudgha
Makhleb
Nemelex Xobeh
Okawaru
Qazlal
Sif Muna
Trog
Uskayaw
Xom
The Shining One
Beogh

Shops:
Orc:1 *

Annotations:
Lair:1 exclusion: oklob plant
Orc:1 Saint Roka


Innate Abilities, Weirdness & Mutations

((You have sharp fingernails.))
((Your flesh is very heat resistant. (rF++)))
You are completely attuned to the shadows.
You are immune to clouds of flame.
((When seriously injured, your bleeding wounds create thick armour. (AC +0)))
((You have a pair of large antennae on your head. (SInv)))
((You have large cloven feet.))
You have supernaturally acute eyesight. (SInv)
((You can translocate small distances at will.))
You possess an exceptional clarity of mind.
Your mind is acute. (Int +2)
((Your flesh is cold resistant. (rC+)))
You are highly resistant to hostile enchantments. (MR++)
You are somewhat resistant to further mutation.
You passively map a small area around you.
((Your system is resistant to poisons. (rPois)))
You are robust. (+10% HP)
((You are resistant to electric shocks. (rElec)))
Your muscles are very strong. (Str +4)
Your spells are harder to cast, but more powerful.
You expend magic power (3 MP) to strengthen your wands.


Message History

Beogh smites you!
* * * LOW HITPOINT WARNING * * *
You puncture Saint Roka! You freeze Saint Roka.
Saint Roka is severely wounded.
Saint Roka invokes the aid of Beogh against you.
Beogh smites you!
* * * LOW HITPOINT WARNING * * *
You hit Saint Roka but do no damage.
Saint Roka is severely wounded.
You puncture Saint Roka! You freeze Saint Roka.
Saint Roka is almost dead.
Saint Roka hits you but does no damage.
A red film seems to cover your vision as you go berserk!
You feel yourself moving faster!
You feel mighty!
You are now a favourite toy of Xom.
Saint Roka hits you with a +2 battleaxe of freezing!!
* * * LOW HITPOINT WARNING * * *
Saint Roka freezes you!
You die...
Xom cackles wildly!

* #... , * ###... * ,*,
#.#... * ###..... ,
#....##. , ####.#.... *,
* ###########.#####... *
, * ##.##.([[##.....#....
,
***#(..♣o.>[###....#....
, *#######.[..........#.
* * #..)#.....##.....## ,
, #._)'.8..........#.
*#####..÷#.........#....
** *
#.#.#####...##..#####..
*,*
##......#....##..####...
*
*#...#.........##.#.)..#.
##..##.....##..#.###<..##


You could see Saint Roka.

Vanquished Creatures
  A frost giant (IceCv)
  The ghost of Alutoc the Prestidigitator, a journeyman GnAr of Wu Jian (Orc:1)
  An ice dragon (Lair:6)
  8 hydras
  A death yak (IceCv)
  A deep troll (Lair:5)
  A sea snake (Lair:6)
  2 lindwurms (Lair:6)
  2 orc knights (Orc:1)
  3 oklob plants (Lair:5)
  A cyclops (Orc:1)
  2 orc sorcerers (Orc:1)
  6 elephants
  6 torpor snails
  Psyche (D:10)
  2 black mambas (Lair:6)
  An ice statue (IceCv)
  8 spiny frogs
  8 komodo dragons
  4 rime drakes
  2 ice devils (Lair:3)
  4 trolls
  6 hornets (Lair:6)
  22 polar bears
  3 tyrant leeches (Lair:6)
  5 blink frogs (Lair:3)
  6 dream sheep
  3 raiju (Lair:6)
  7 hippogriffs
  31 yaks
  3 wyverns
  2 basilisks
  6 vampire mosquitoes (Lair:2)
  Edmund (D:4)
  4 nagas (Lair:4)
  7 wargs
  11 hell hounds (Lair:6)
  14 water moccasins
  10 porcupines
  A water moccasin (shapeshifter) (Lair:5)
  10 orc warriors
  A sky beast (D:5)
  10 black bears (Lair:6)
  A swamp drake (D:9)
  A phantom (D:9)
  A necrophage (D:8)
  7 ogres
  32 wolves
  9 centaurs
  3 crocodiles
  14 bullfrogs
  2 scorpions
  A water moccasin skeleton (D:9)
  2 wyvern skeletons
  9 killer bees
  A howler monkey (Lair:6)
  2 electric eels (Lair:1)
  5 crimson imps
  5 centaur zombies
  4 jellies (D:9)
  3 hounds
  2 bullfrog skeletons
  9 orc priests
  A centaur skeleton (D:9)
  7 orc wizards
  2 iguanas
  Ijyb (D:5)
  5 worker ants
  3 gnolls (D:3)
  10 adders
  4 shadow imps
  7 oozes
  An adder zombie (D:8)
  3 adder skeletons
  A worm (D:2)
  2 leopard geckos
  61 orcs
  9 bats
  5 giant cockroaches
  3 goblins
  9 hobgoblins
  10 jackals
  6 kobolds
  4 quokkas
  3 frilled lizards
  A jackal skeleton (D:4)
  A quokka skeleton (D:6)
  2 quokka zombies
  5 rats
  4 plants
512 creatures vanquished.

Vanquished Creatures (collateral kills)
  An orc knight (Orc:1)
  An elephant (Lair:6)
  3 polar bears (IceCv)
  2 wargs (Lair:6)
  A hell hound (Lair:6)
  2 orc warriors
  A black bear (Lair:6)
  2 ogres (Orc:2)
  A wolf (Lair:6)
  A centaur (D:9)
  A killer bee (D:8)
  2 orc priests
  An iguana (D:10)
19 creatures vanquished.

Vanquished Creatures (others)
  A dancing weapon (IceCv)
  A polar bear (IceCv)
  A blink frog (IceCv)
  An orc warrior (Orc:2)
  A yak (IceCv)
  2 wolves (IceCv)
  A big kobold (D:9)
  An orc priest (Orc:2)
  2 orcs (Orc:2)
  3 kobolds (D:9)
  17 fungi
  20 plants (Lair:6)
51 creatures vanquished.

Grand Total: 582 creatures vanquished

Notes
Turn   | Place    | Note
-------+----------+-------------------------------------------
     0 | D:1      | Ghost621 the Demonspawn Chaos Knight began the quest for
                  | the Orb.
     0 | D:1      | Reached XP level 1. HP: 18/18 MP: 1/1
    64 | D:1      | Gained mutation: Your flesh is heat resistant. (rF+)
                  | [demonic ancestry]
    64 | D:1      | Reached XP level 2. HP: 15/24 MP: 2/2
   110 | D:1      | XOM: divination: detect items
   226 | D:1      | XOM: divination: detect creatures
   487 | D:1      | XOM: cloud trail
   504 | D:1      | XOM: give mutations
   504 | D:1      | Gained mutation: Your spells are a little harder to cast,
                  | but a little more powerful. [Xom's grace]
   504 | D:1      | Gained mutation: You are agile. (Dex +2) [Xom's grace]
   504 | D:1      | Gained mutation: You have a pair of small antennae on your
                  | head. [Xom's grace]
   504 | D:1      | Gained mutation: You can translocate small distances at
                  | will. [Xom's grace]
   606 | D:2      | Gained mutation: You are slightly more attuned to the
                  | shadows. [demonic ancestry]
   606 | D:2      | Reached XP level 3. HP: 29/29 MP: 3/3
   684 | D:2      | XOM: destruction
   705 | D:2      | XOM: give mutations
   705 | D:2      | Gained mutation: Your mind is acute. (Int +2) [Xom's grace]
   705 | D:2      | Gained mutation: Your mind is very acute. (Int +4) [Xom's
                  | grace]
   705 | D:2      | Gained mutation: You have large cloven feet. [Xom's grace]
   974 | D:2      | Found a white marble altar of Elyvilon.
   995 | D:2      | XOM: give mutations
   995 | D:2      | Gained mutation: You are weak. (Str -2) [Xom's mischief]
   995 | D:2      | Gained mutation: Your body sometimes deteriorates upon
                  | taking damage. [Xom's mischief]
  1361 | D:3      | XOM: harmless Air miscast
  1363 | D:3      | Reached XP level 4. HP: 35/35 MP: 4/4
  1600 | D:3      | XOM: harmless Necr miscast
  1658 | D:3      | Found a sparkling altar of Nemelex Xobeh.
  1775 | D:3      | XOM: draining
  1842 | D:3      | Found a glowing golden altar of the Shining One.
  1842 | D:3      | Found a deep blue altar of Sif Muna.
  2003 | D:3      | Gained mutation: You are significantly more attuned to the
                  | shadows. [demonic ancestry]
  2003 | D:3      | Reached XP level 5. HP: 42/42 MP: 5/5
  2157 | D:4      | XOM: noise
  2162 | D:4      | Noticed Edmund
  2166 | D:4      | Reached skill level 4 in Fighting
  2173 | D:4      | XOM: harmless Air miscast
  2181 | D:4      | XOM: torment (16/42 hp)
  2185 | D:4      | Killed Edmund
  2185 | D:4      | Gained mutation: You are immune to clouds of flame.
                  | [demonic ancestry]
  2185 | D:4      | Reached XP level 6. HP: 6/48 MP: 6/6
  2187 | D:4      | Lost mutation: You are agile. (Dex +2) [potion of mutation]
  2187 | D:4      | Lost mutation: You have large cloven feet. [potion of
                  | mutation]
  2187 | D:4      | Gained mutation: You are frail. (-10% HP) [potion of
                  | mutation]
  2187 | D:4      | Gained mutation: You possess an exceptional clarity of
                  | mind. [potion of mutation]
  2211 | D:4      | Reached skill level 5 in Polearms
  2356 | D:4      | XOM: 7-stop teleportation journey
  2634 | D:4      | XOM: give mutations
  2634 | D:4      | Gained mutation: You have a pair of antennae on your head.
                  | [Xom's grace]
  2634 | D:4      | Gained mutation: Your flesh is cold resistant. (rC+) [Xom's
                  | grace]
  2634 | D:4      | Gained mutation: You are resistant to hostile enchantments.
                  | (MR+) [Xom's grace]
  3032 | D:4      | XOM: divination: detect items
  3038 | D:4      | Gained mutation: When seriously injured, your bleeding
                  | wounds create armour. (AC +0) [demonic ancestry]
  3038 | D:4      | Reached XP level 7. HP: 15/49 MP: 7/7
  3244 | D:4      | XOM: harmless Chrm miscast
  3758 | D:4      | Found the +4 moon troll leather armour {Spirit, Regen++
                  | MP+5}
  3909 | D:4      | Got an ancient rapier
  3910 | D:4      | Identified the +8 rapier "Bitunguo" {freeze, Str+4} (You
                  | found it on level 4 of the Dungeon)
  3930 | D:5      | Entered Level 5 of the Dungeon
  3963 | D:5      | XOM: divination: detect items
  3997 | D:5      | Found a staircase to the Ecumenical Temple.
  4006 | D:5      | XOM: polymorph quokka -> orc
  4141 | D:5      | Reached skill level 5 in Fighting
  4142 | D:5      | Reached skill level 1 in Short Blades
  4142 | D:5      | Noticed Ijyb
  4153 | D:5      | Killed Ijyb
  4233 | D:5      | XOM: scenery: create altars
  4281 | D:5      | Found a hazy altar of Hepliaklqana.
  4841 | D:6      | Lost mutation: You are weak. (Str -2) [potion of mutation]
  4841 | D:6      | Lost mutation: Your body sometimes deteriorates upon taking
                  | damage. [potion of mutation]
  4841 | D:6      | Lost mutation: Your mind is very acute. (Int +4) [potion of
                  | mutation]
  4841 | D:6      | Lost mutation: You possess an exceptional clarity of mind.
                  | [potion of mutation]
  4841 | D:6      | Lost mutation: Your mind is acute. (Int +2) [potion of
                  | mutation]
  4841 | D:6      | Gained mutation: You are highly resistant to hostile
                  | enchantments. (MR++) [potion of mutation]
  4887 | D:6      | Reached skill level 6 in Fighting
  4887 | D:6      | Reached XP level 8. HP: 51/57 MP: 8/8
  4895 | D:6      | XOM: medium Hex miscast
  4919 | D:6      | Noticed a hippogriff
  4923 | D:6      | XOM: smoke on damage
  4928 | D:6      | Killed a hippogriff
  5015 | D:6      | Found a stormy altar of Qazlal.
  5061 | D:6      | XOM: give mutations
  5061 | D:6      | Gained mutation: You are covered in fur. (AC +1) [Xom's
                  | grace]
  5061 | D:6      | Gained mutation: You expend magic power (3 MP) to
                  | strengthen your wands. [Xom's grace]
  5061 | D:6      | Gained mutation: Your flesh is very heat resistant. (rF++)
                  | [Xom's grace]
  5061 | D:6      | Gained mutation: Your muscles are strong. (Str +2) [Xom's
                  | grace]
  5188 | D:6      | XOM: scenery: create altars
  5198 | D:6      | XOM: god gift: curved smoking staff {god gift}
  5361 | D:7      | XOM: scenery: create altars
  5368 | D:7      | Reached skill level 7 in Fighting
  5368 | D:7      | Reached skill level 5 in Armour
  5407 | D:7      | You fall through a shaft for 2 floors!
  5564 | D:9      | XOM: 2-stop teleportation journey
  5732 | D:9      | Noticed a troll
  5735 | D:9      | XOM: summons friendly shadow imp
  5748 | D:10     | Entered Level 10 of the Dungeon
  5752 | D:10     | Reached skill level 8 in Fighting
  5752 | D:10     | Gained mutation: When seriously injured, your bleeding
                  | wounds create thick armour. (AC +0) [demonic ancestry]
  5752 | D:10     | Reached XP level 9. HP: 37/66 MP: 6/9
  5789 | D:9      | Killed a troll
  5832 | D:9      | XOM: torment (26/67 hp)
  5838 | D:9      | XOM: mild Ice miscast
  5838 | D:9      | Noticed a troll
  5840 | D:9      | XOM: divine lightning
  5849 | D:9      | Killed a troll
  6052 | D:9      | Reached skill level 9 in Fighting
  6057 | D:9      | XOM: harmless Fire miscast
  6069 | D:9      | XOM: medium Tloc miscast
  6230 | D:9      | XOM: divination: detect items
  6251 | D:9      | Reached skill level 5 in Short Blades
  6292 | D:9      | Found a staircase to the Orcish Mines.
  6575 | D:8      | Found an iron altar of Okawaru.
  6605 | D:8      | Found a hide-covered altar of Uskayaw.
  6616 | D:8      | XOM: divination: detect creatures
  6620 | D:8      | XOM: cast spell 'Summon Ice Beast'
  6652 | D:8      | XOM: mild Ice miscast
  6654 | D:8      | Reached skill level 10 in Fighting
  6654 | D:8      | Reached XP level 10. HP: 74/76 MP: 10/10
  6808 | D:8      | Found a bloodstained altar of Trog.
  6811 | D:8      | Found a burning altar of Makhleb.
  6814 | D:8      | Found an ancient bone altar of Kikubaaqudgha.
  7044 | D:8      | XOM: cloud trail
  7084 | D:8      | XOM: medium Necr miscast
  7214 | D:10     | XOM: divination: detect creatures
  7278 | D:10     | XOM: potion effect (brilliance)
  7305 | D:10     | Got a twitching garnet amulet
  7503 | D:10     | Identified the amulet "Enkan" {Harm *Drain rN+ Str-4 Int+2}
                  | (You found it on level 10 of the Dungeon)
  7785 | D:10     | Lost mutation: Your spells are a little harder to cast, but
                  | a little more powerful. [potion of mutation]
  7785 | D:10     | Lost mutation: You are frail. (-10% HP) [potion of
                  | mutation]
  7785 | D:10     | Lost mutation: You are highly resistant to hostile
                  | enchantments. (MR++) [potion of mutation]
  7785 | D:10     | Lost mutation: Your muscles are strong. (Str +2) [potion of
                  | mutation]
  7785 | D:10     | Gained mutation: You are highly resistant to hostile
                  | enchantments. (MR++) [potion of mutation]
  7785 | D:10     | Gained mutation: You are resistant to electric shocks.
                  | (rElec) [potion of mutation]
  7940 | D:10     | XOM: give mutations
  7940 | D:10     | Gained mutation: Your system is resistant to poisons.
                  | (rPois) [Xom's grace]
  7940 | D:10     | Gained mutation: You evolve. [Xom's grace]
  7940 | D:10     | Gained mutation: You are extremely resistant to the effects
                  | of hostile enchantments. (MR+++) [Xom's grace]
  7940 | D:10     | Gained mutation: Your mind is acute. (Int +2) [Xom's grace]
  7982 | D:10     | Noticed Psyche
  7986 | D:10     | Killed Psyche
  8013 | D:10     | XOM: cast spell 'Summon Dragon'
  8185 | D:11     | Reached skill level 11 in Fighting
  8295 | D:11     | XOM: give mutations
  8295 | D:11     | Gained mutation: Your flesh is very cold resistant. (rC++)
                  | [Xom's grace]
  8295 | D:11     | Gained mutation: Your muscles are strong. (Str +2) [Xom's
                  | grace]
  8295 | D:11     | Gained mutation: You possess an exceptional clarity of
                  | mind. [Xom's grace]
  8295 | D:11     | Lost mutation: You evolve. [Xom's grace]
  8295 | D:11     | Gained mutation: You are somewhat resistant to further
                  | mutation. [Xom's grace]
  8299 | D:11     | XOM: scenery: 1 doors close
  8349 | D:11     | XOM: god gift: 14 stones
  8395 | D:11     | Found a sparkling altar of Nemelex Xobeh.
  8453 | D:11     | Found a staircase to the Lair.
  8533 | D:11     | Noticed an eight-headed hydra
  8542 | D:11     | Killed an eight-headed hydra
  8881 | Lair:1   | Entered Level 1 of the Lair of Beasts
  8933 | Lair:1   | Noticed a spiny frog
  8941 | Lair:1   | XOM: 3-stop teleportation journey
  8961 | Lair:1   | XOM: cleaving
  8962 | Lair:1   | XOM: confuse monster(s)
  8998 | Lair:1   | XOM: give mutations
  8998 | Lair:1   | Gained mutation: Your mind is very acute. (Int +4) [Xom's
                  | grace]
  8998 | Lair:1   | Gained mutation: You are robust. (+10% HP) [Xom's grace]
  8998 | Lair:1   | Gained mutation: You are very robust. (+20% HP) [Xom's
                  | grace]
  8999 | Lair:1   | Killed a spiny frog
  8999 | Lair:1   | Reached XP level 11. HP: 93/112 MP: 11/11
  9097 | Lair:1   | XOM: god gift: 15 stones
  9102 | Lair:1   | Reached skill level 12 in Fighting
  9153 | Lair:1   | Upgraded the game from 0.23-a0-391-g8c51ad5 to
                  | 0.23-a0-393-g6e9e0f2
  9325 | Lair:1   | XOM: give mutation
  9325 | Lair:1   | Gained mutation: You passively map a small area around you.
                  | [Xom's grace]
  9356 | Lair:1   | Noticed an oklob plant
  9424 | Lair:1   | XOM: 2-stop teleportation journey
  9526 | Lair:1   | XOM: 4-stop teleportation journey
  9914 | Lair:1   | XOM: cloud trail
  9991 | Lair:2   | Reached skill level 1 in Shields
 10010 | Lair:2   | XOM: scenery: create altars
 10015 | Lair:2   | XOM: scenery: create altars
 10474 | Lair:2   | XOM: 1-stop teleportation journey
 10535 | Lair:2   | Found a staircase to the Swamp.
 10546 | Lair:2   | XOM: summons friendly white imp
 10553 | Lair:2   | XOM: smoke on damage
 10558 | Lair:2   | XOM: cast spell 'Olgreb's Toxic Radiance'
 10670 | Lair:2   | XOM: confuse monster(s)
 10925 | Lair:3   | XOM: enchant monster (good)
 10938 | Lair:3   | Reached skill level 1 in Evocations
 11174 | Lair:3   | Found a frozen archway.
 11210 | IceCv    | Entered an ice cave
 11224 | IceCv    | XOM: destruction
 11262 | IceCv    | XOM: noise
 11269 | IceCv    | XOM: noise
 11271 | IceCv    | XOM: cleaving
 11298 | IceCv    | XOM: give mutations
 11298 | IceCv    | Gained mutation: Your spells are a little harder to cast,
                  | but a little more powerful. [Xom's grace]
 11298 | IceCv    | Gained mutation: Your muscles are very strong. (Str +4)
                  | [Xom's grace]
 11298 | IceCv    | Gained mutation: Your spells are harder to cast, but more
                  | powerful. [Xom's grace]
 11307 | IceCv    | Reached skill level 13 in Fighting
 11322 | IceCv    | Reached XP level 12. HP: 118/124 MP: 13/13
 11338 | IceCv    | Noticed a death yak
 11350 | IceCv    | Killed a death yak
 11361 | IceCv    | XOM: potion effect (might)
 11438 | IceCv    | XOM: give mutations
 11438 | IceCv    | Gained mutation: You have a pair of large antennae on your
                  | head. (SInv) [Xom's grace]
 11438 | IceCv    | Gained mutation: You have large cloven feet. [Xom's grace]
 11438 | IceCv    | Gained mutation: You have supernaturally acute eyesight.
                  | (SInv) [Xom's grace]
 11443 | IceCv    | XOM: summons friendly ufetubus
 11454 | IceCv    | XOM: enchant monster (good)
 11466 | IceCv    | XOM: cast spell 'Dispersal'
 11603 | IceCv    | XOM: summons 3 friendly demons
 11653 | IceCv    | XOM: mild Erth miscast
 11672 | IceCv    | Noticed a frost giant
 11678 | IceCv    | XOM: polymorph polar bear -> blink frog
 11705 | IceCv    | XOM: enchant monster (good)
 11710 | IceCv    | Killed a frost giant
 11745 | IceCv    | XOM: enchant monster (good)
 11749 | IceCv    | XOM: divination: magic mapping
 11852 | IceCv    | Identified the Compendium of the Glacier
 12717 | Lair:4   | XOM: silly message
 12789 | Lair:4   | Reached skill level 14 in Fighting
 12798 | Lair:4   | XOM: chaos upgrade
 12819 | Lair:4   | XOM: chaos cloud
 12821 | Lair:4   | Found a staircase to the Snake Pit.
 12823 | Lair:4   | XOM: enchant monster (bad)
 12833 | Lair:4   | XOM: draining
 12843 | Lair:4   | XOM: harmless Pois miscast
 12855 | Lair:4   | XOM: summons friendly shadow imp
 13059 | Lair:4   | Reached skill level 5 in Shields
 13394 | Lair:4   | XOM: give mutations
 13394 | Lair:4   | Lost mutation: You are extremely resistant to the effects
                  | of hostile enchantments. (MR+++) [Xom's mischief]
 13394 | Lair:4   | Lost mutation: Your flesh is very cold resistant. (rC++)
                  | [Xom's mischief]
 13394 | Lair:4   | Lost mutation: You are very robust. (+20% HP) [Xom's
                  | mischief]
 13459 | Lair:4   | XOM: 4-stop teleportation journey
 13481 | Lair:4   | Noticed a seven-headed hydra
 13488 | Lair:4   | Killed a seven-headed hydra
 13488 | Lair:4   | Gained mutation: You are completely attuned to the shadows.
                  | [demonic ancestry]
 13488 | Lair:4   | Reached XP level 13. HP: 87/124 MP: 13/16
 13564 | Lair:4   | XOM: summons 4 hostile shadow creatures
 13949 | Lair:5   | XOM: summons 1 hostile shadow creature
 14022 | Lair:5   | Reached skill level 5 in Evocations
 14085 | Lair:5   | XOM: cast spell 'Summon Small Mammal'
 14256 | Lair:5   | Reached skill level 10 in Armour
 14295 | Lair:5   | XOM: polymorph dream sheep -> deep troll
 14464 | Lair:5   | XOM: polymorph wolf -> porcupine
 14636 | Lair:5   | XOM: mild Chrm miscast
 14903 | Lair:5   | Found a staircase to the Slime Pits.
 14999 | Lair:5   | You fall through a shaft!
 14999 | Lair:6   | Entered Level 6 of the Lair of Beasts
 15011 | Lair:6   | XOM: cast spell 'Summon Small Mammal'
 15083 | Lair:6   | XOM: polymorph lindwurm -> sea snake
 15183 | Lair:6   | Found a runed door.
 15256 | Lair:6   | Paralysed by a hornet for 1 turns
 15262 | Lair:6   | XOM: polymorph hornet -> hippogriff
 15270 | Lair:6   | XOM: summons 6 hostile demons
 15272 | Lair:6   | XOM: potion effect (heal wounds)
 15447 | Lair:6   | XOM: mild Fire miscast
 15448 | Lair:6   | XOM: enchant monster (bad)
 15461 | Lair:6   | XOM: divination: detect creatures
 15468 | Lair:6   | Reached skill level 15 in Fighting
 15574 | Lair:6   | XOM: polymorph wolf -> howler monkey
 15577 | Lair:6   | XOM: enchant monster (good)
 15596 | Lair:6   | XOM: cast spell 'Disjunction'
 15598 | Lair:6   | XOM: confuse monster(s)
 15774 | Lair:6   | XOM: cast spell 'Death Channel'
 15798 | Lair:6   | XOM: cloud trail
 15809 | Lair:6   | XOM: scenery: create altars
 15813 | Lair:6   | XOM: snakes to sticks
 15835 | Lair:6   | Gained mutation: You have sharp fingernails. [demonic
                  | ancestry]
 15835 | Lair:6   | Reached XP level 14. HP: 111/135 MP: 17/18
 15869 | Lair:6   | XOM: god gift: orange potion {god gift}
 15972 | Lair:6   | Reached skill level 10 in Short Blades
 15992 | Lair:6   | XOM: summons friendly white imp
 16192 | Lair:6   | XOM: enchant monster (bad)
 16202 | Lair:6   | XOM: divination: detect creatures
 16209 | Lair:6   | XOM: blink monster(s)
 16289 | Lair:6   | XOM: potion effect (heal wounds)
 16472 | Lair:6   | XOM: divination: detect items
 16543 | Lair:6   | XOM: god gift: glowing battleaxe {god gift}
 17151 | Lair:6   | XOM: draining
 17524 | Orc:1    | Entered Level 1 of the Orcish Mines
 17599 | Orc:1    | Found Fiho Qos's Assorted Antiques.
 17616 | Orc:1    | Bought a scroll of identify for 68 gold pieces
 17632 | Orc:1    | Found a runed gate.
 17632 | Orc:1    | Found a runed gate.
 17632 | Orc:1    | Found a runed gate.
 17716 | Orc:1    | XOM: harmless Air miscast
 17925 | Orc:1    | XOM: 3-stop teleportation journey
 17966 | Orc:1    | Noticed Alutoc's ghost (journeyman GnAr)
 17975 | Orc:1    | XOM: give mutations
 17975 | Orc:1    | Lost mutation: You are covered in fur. (AC +1) [Xom's
                  | mischief]
 17975 | Orc:1    | Lost mutation: Your mind is very acute. (Int +4) [Xom's
                  | mischief]
 18019 | Orc:1    | Found a roughly hewn altar of Beogh.
 18061 | Orc:1    | XOM: 1-stop teleportation journey
 18092 | Orc:1    | XOM: chaos upgrade
 18093 | Orc:1    | XOM: summons 7 hostile demons
 18102 | Orc:1    | XOM: swap monsters
 18125 | Orc:1    | XOM: summons friendly crimson imp
 18129 | Orc:1    | XOM: enchant monster (bad)
 18134 | Orc:1    | XOM: summons friendly crimson imp
 18149 | Orc:1    | XOM: confuse monster(s)
 18165 | Orc:1    | XOM: cast spell 'Summon Dragon'
 18188 | Orc:1    | Killed Alutoc's ghost
 18273 | Orc:1    | Found a roughly hewn altar of Beogh.
 18340 | Orc:2    | Entered Level 2 of the Orcish Mines
 18359 | Orc:2    | Noticed Saint Roka
 18366 | Orc:2    | XOM: confuse monster(s)
 18369 | Orc:2    | XOM: scenery: create altars
 18376 | Orc:2    | XOM: cast spell 'Discord'
 18388 | Orc:2    | XOM: divination: detect creatures
 18508 | Orc:2    | XOM: enchant monster (good)
 18511 | Orc:1    | XOM: summons 3 friendly demons
 18537 | Orc:1    | XOM: cleaving
 18549 | Orc:1    | HP: 2/306 [Saint Roka/+2 battleaxe of freezing (25)]
 18549 | Orc:1    | Mangled by Saint Roka

Vault maps used:
D:1:      dpeg_arrival_orchard, chequers_decorated_corner,
          corexii_hall_statues_x, minmay_domino_2
D:2:      elyvilon_altar_4, first_ration
D:3:      gammafunk_temple_overflow_elements, hangedman_decor_opposing,
          nemelex_xobeh_ov_fountains_minmay
D:4:      uniq_edmund
D:5:      kennysheep_little_box, minmay_temple_entry_crystal_x, uniq_ijyb
D:6:      nicolae_qazlal_eye_of_the_storm
D:7:      nicolae_gozag_seed_capital, serial_shops, shop_fountains
D:8:      lemuel_doored_altar, grunt_temple_overflow_diamond, basic_altar
D:9:      erik_orc_1, minivault_23, hangedman_little_slice_of_home
D:10:     kennysheep_generic_room_10, uniq_psyche
D:11:     lair_entry_dummy, nemelex_diamond_rough_becter
Lair:1:   beast_lair_carwin_6, serial_bayou_shore_b, grunt_megastairs_2,
          minmay_lair_oklob_chamber, serial_bayou_shore_a,
          infiniplex_staircase_pool_2, lemuel_fruit_fields
Lair:2:   minmay_swamp_entry_swarm
Lair:3:   portal_ice_cave_demonic_guard, beast_lair_carwin_3
Lair:4:   minmay_snake_entry_guardpost_small, lemuel_fruit_tree
Lair:5:   slime_dummy, dpeg_oklob_1, grunt_megastairs_5,
          infiniplex_staircase_pool
Lair:6:   hangedman_lair_caniforms_friends, wormcave
Orc:1:    serial_shops, shop_statue, biasface_ghost_orc_armoury,
          david_defended_altar_orc
Orc:2:    st_orc_congregation, basic_altar, serial_shops,
          nicolae_shop_temple_entry_statues_fountains, uniq_saint_roka
IceCv:    ice_cave_caverns_03

Skill      XL: |  1  2  3  4  5  6  7  8  9 10 11 12 13 14 |
---------------+-------------------------------------------+-----
Polearms       | 3 4 5 |  5.6
Armour         | 2 3 4 5 6 8 9 10 | 10.9
Fighting       | 4 6 8 10 11 13 14 15 | 15.7
Short Blades   | 2 3 5 6 8 9 10 | 10.3
Shields        | 3 5 6 7 |  7.2
Evocations     | 2 4 6 7 |  7.4
Dodging        | |  0.8

Action                   |  1- 3 |  4- 6 |  7- 9 | 10-12 | 13-15 || total
-------------------------+-------+-------+-------+-------+-------++-------
Melee: Spear             |   136 |   147 |     2 |       |       ||   285
       Kick              |    16 |    22 |       |       |       ||    38
       Rapier            |       |       |   326 |   801 |   968 ||  2095
 Abil: Blink             |       |       |       |     1 |       ||     1
Evoke: Wand              |       |       |       |       |     1 ||     1
  Use: Scroll            |     3 |     2 |       |     2 |     8 ||    15
       Potion            |       |     4 |     1 |     5 |     6 ||    16
 Stab: Petrified         |     5 |       |       |       |       ||     5
       Sleeping          |     3 |     6 |    13 |    15 |    13 ||    50
       Petrifying        |       |     2 |       |       |       ||     2
       Paralysed         |       |     2 |       |     1 |       ||     3
       Confused          |       |     1 |       |     3 |       ||     4
       Distracted        |       |       |       |     3 |     2 ||     5
  Eat: Chunk             |     2 |       |     4 |     2 |       ||     8
       Ration            |       |     2 |     2 |     8 |     4 ||    16
Armor: Leather armour    |    30 |    37 |       |       |       ||    67
       Skin              |       |    34 |       |       |     2 ||    36
       Troll leather arm |       |       |   128 |   328 |   381 ||   837
Dodge: Dodged            |    64 |    74 |   315 |   626 |   710 ||  1789
       Deflected         |     2 |     3 |     2 |    10 |    11 ||    28
Block: Buckler           |       |       |       |   126 |   457 ||   583
       Reflection        |       |       |       |       |     5 ||     5

Table legend:
 A = Non-vault XP
 B = Vault XP
 C = Vault XP percentage of total XP
 D = Non-vault monster count
 E = Vault monster count
 F = Vault count percentage of total count
                 A         B        C        D         E       F
            +---------+---------+-------+---------+---------+-------
      Total |   40228 |   42243 |  51.2 |     331 |     198 |  37.4
            +---------+---------+-------+---------+---------+-------
        D:1 |      31 |       3 |   8.8 |      16 |       2 |  11.1
        D:2 |      29 |       0 |   0.0 |      12 |       0 |   0.0
        D:3 |     147 |       0 |   0.0 |      27 |       0 |   0.0
        D:4 |     418 |     169 |  28.8 |      15 |       1 |   6.2
        D:5 |     452 |      36 |   7.4 |      17 |       1 |   5.6
        D:6 |     644 |       0 |   0.0 |      13 |       0 |   0.0
        D:7 |     125 |       0 |   0.0 |       4 |       0 |   0.0
        D:8 |    1207 |       0 |   0.0 |      32 |       0 |   0.0
        D:9 |    2007 |     697 |  25.8 |      23 |      23 |  50.0
       D:10 |    1457 |     571 |  28.2 |      19 |       2 |   9.5
       D:11 |    2025 |       0 |   0.0 |      14 |       0 |   0.0
     Lair:1 |    3419 |    1080 |  24.0 |      17 |       6 |  26.1
     Lair:2 |    2317 |    1024 |  30.6 |      11 |       6 |  35.3
     Lair:3 |    2172 |    1791 |  45.2 |      10 |       8 |  44.4
     Lair:4 |    5175 |     649 |  11.1 |      18 |       4 |  18.2
     Lair:5 |    8046 |    3574 |  30.8 |      29 |       7 |  19.4
     Lair:6 |    7837 |   17353 |  68.9 |      24 |      74 |  75.5
      Orc:1 |    2137 |    4359 |  67.1 |      19 |      21 |  52.5
      Orc:2 |     583 |     175 |  23.1 |      11 |       3 |  21.4
      IceCv |       0 |   10762 | 100.0 |       0 |      40 | 100.0
            +---------+---------+-------+---------+---------+-------
